 Dungeon Crawl Stone Soup version 0.26.1-11-gd32895ea62 (webtiles) character file.

Game seed: 302952004906799867

40 H0rd4k the Insei (level 3, -19/23 HPs)
             Began as an Octopode Transmuter on June 15, 2021.
             Demolished by an ogre
             ... wielding a +0 giant club
              (23 damage)
             ... on level 2 of the Dungeon.
             The game lasted 00:01:04 (1687 turns).

H0rd4k the Insei (Octopode Transmuter)              Turns: 1687, Time: 00:01:05

Health: -19/23     AC:  1    Str:  9    XL:     3   Next: 50%
Magic:  6/6        EV: 13    Int: 16    God:
Gold:   158        SH:  0    Dex: 12    Spells: 2/6 levels left

rFire    . . .     SeeInvis .     - Unarmed
rCold    . . .     Faith    .   (no shield)
rNeg     . . .     Spirit   .   (helmet restricted)
rPois    +         Reflect  .   (no amulet)
rElec    .         Harm     .   e - ring of flight
rCorr    .         Rampage  .   g - ring of poison resistance
Will     .....                  (no ring)
Stlth    ++........             (no ring)
HPRegen  0.07/turn              (no ring)
MPRegen  0.10/turn              (no ring)
                                (no ring)
                                (no ring)

@: no status effects
A: almost no armour, stealthy swim, amphibious, 8 rings, constrict 8, camouflage
1, gelatinous body 1
a: Evoke Flight


You were on level 2 of the Dungeon.
You visited 1 branch of the dungeon, and saw 2 of its levels.

You collected 158 gold pieces.

Inventory:

Missiles
 b - 22 poisoned darts
Jewellery
 e - a ring of flight (left tentacle)
 g - a ring of poison resistance (right tentacle)
Scrolls
 a - 8 scrolls of identify {unknown}
 c - a scroll of remove curse {unknown}
 d - a scroll of blinking {unknown}
 f - a scroll of enchant armour {unknown}
 h - a scroll of teleportation {unknown}
 j - a scroll of enchant weapon {unknown}
Potions
 i - a potion of curing {unknown}
 k - a potion of magic {unknown}
 l - a potion of flight {unknown}


   Skills:
 + Level 1.0 Fighting
 + Level 2.4 Dodging
 - Level 0.1 Stealth
 + Level 3.7 Unarmed Combat
 * Level 2.0 Spellcasting
 * Level 2.5 Transmutations


You had 2 spell levels left.
You knew the following spells:

 Your Spells              Type           Power        Failure   Level
a - Beastly Appendage     Tmut           18%          8%          1
b - Spider Form           Tmut/Pois      2%           36%         3

Your spell library contained the following spells:

 Spells                   Type           Power        Failure   Level
 Wereblood                Tmut           9%           11%         2
 Ice Form                 Ice/Tmut       5%           77%         4
 Blade Hands              Tmut           4%           90%         5


Dungeon Overview and Level Annotations

Branches:
Dungeon (2/15)

Altars:


Innate Abilities, Weirdness & Mutations

You cannot wear most types of armour.
You are very stealthy in the water. (Stealth+)
You are amphibious.
You can wear up to eight rings at the same time.
You can use your tentacles to constrict eight enemies at once.
Your skin changes colour to match your surroundings (Stealth+).
Your rubbery body absorbs attacks. (AC +1, EV +1)


Message History

The adder closely misses you.
You tentacle-slap the adder but do no damage.
You grab the adder. You constrict the adder. The adder misses you.
The adder closely misses you.
You barely miss the adder.
The adder is lightly wounded.
You constrict the adder. The adder bites you but does no damage.
You barely miss the adder. You squeeze the adder!
You kill the adder!
You tentacle-slap the ogre but do no damage.
The ogre hits you with a +0 giant club!!
Ouch! That really hurt!
* * * LOW HITPOINT WARNING * * *
You barely miss the ogre. You squeeze the ogre.
The ogre is lightly wounded.
You tentacle-slap the ogre.
The ogre is lightly wounded.
The ogre hits you with a +0 giant club!!
Ouch! That really hurt!
You die...

.##..###.##
..#.......#
.##..###..#
.....# #..#
#.#.####..# #
# ###.......#
.#.#
....#####.#
....# .#..#
#<########...#
.##.
#.......@O..#
.#
#############
##


You could see an ogre.

Vanquished Creatures
  An adder (D:2)
  An ooze (D:1)
  A giant cockroach (D:1)
  4 goblins
  4 hobgoblins
  2 jackals (D:2)
  2 kobolds
  2 ball pythons
  2 bats (D:1)
  4 frilled lizards
  3 rats
26 creatures vanquished.

Notes
Turn   | Place    | Note
-------+----------+-------------------------------------------
     0 | D:1      | H0rd4k the Octopode Transmuter began the quest for the Orb.
     0 | D:1      | Reached XP level 1. HP: 13/13 MP: 3/3
   380 | D:1      | Reached XP level 2. HP: 18/18 MP: 5/5
  1089 | D:2      | Reached XP level 3. HP: 21/23 MP: 6/6
  1097 | D:2      | Learned a level 3 spell: Spider Form
  1194 | D:2      | HP: 1/23 [goblin/stone (1)]
  1676 | D:2      | Noticed an ogre
  1687 | D:2      | Demolished by an ogre

Illustrated notes

Levels and vault maps discovered:
D:1:      psy_arrival_statuary, layout_loops_ring, minmay_misc_feat_x,
          hex_medium, minmay_close_crescents
D:2:      layout_loops_ring, tgw_xom, minmay_octomino_e4

Action                   || total
-------------------------++-------
Melee: Unarmed           ||    70
       Constrict         ||    20
       Tentacles         ||    11
       Punch             ||     2
 Stab: Sleeping          ||     3
Armor: Skin              ||     3
Dodge: Dodged            ||    39
